 Dungeon Crawl Stone Soup version 0.26.1-11-gd32895ea62 (webtiles) character file.

Game seed: 7705371600294455845

732 ubername the Slasher (level 7, -1/57 HPs)
             Began as a Barachi Berserker on May 29, 2021.
             Was a Priest of Trog.
             Slain by an orc
             ... wielding a +0 flail
              (4 damage)
             ... on level 4 of the Dungeon.
             The game lasted 00:06:34 (4248 turns).

ubername the Slasher (Barachi Berserker)            Turns: 4248, Time: 00:06:35

Health: -1/57      AC:  7    Str: 19    XL:     7   Next: 73%
Magic:  7/7        EV: 13    Int:  8    God:    Trog [***...]
Gold:   129        SH:  0    Dex: 12    Spells: 6/6 levels left

rFire    . . .     SeeInvis .   a - +0 falchion
rCold    . . .     Faith    .   (no shield)
rNeg     . . .     Spirit   .   k - +0 ring mail
rPois    .         Reflect  .   (no helmet)
rElec    .         Harm     .   b - +0 cloak
rCorr    .         Rampage  .   (no gloves)
Will     .....     Rnd*Tele +   (no boots)
Stlth    ++........             (no amulet)
HPRegen  0.59/turn              (no ring)
MPRegen  0.10/turn              (no ring)

@: can't hop, berserk cooldown, slowed, very slow
A: +LOS, swims, camouflage 1, blurry vision 1, regeneration 1, slowness 1,
teleportitis 1, strong legs 1
a: Hop, Renounce Religion, Berserk, Trog's Hand


You were on level 4 of the Dungeon.
You worshipped Trog.
Trog was most pleased with you.
You visited 1 branch of the dungeon, and saw 4 of its levels.

You collected 129 gold pieces.

Inventory:

Hand Weapons
 a - a +0 falchion (weapon)
Armour
 b - a +0 cloak (worn)
 e - a +0 leather armour of positive energy
 k - a +0 ring mail (worn)
Jewellery
 c - an uncursed amulet of faith {unknown}
Scrolls
 d - 3 scrolls of identify
 f - a scroll of amnesia {unknown}
 h - a scroll of fog {unknown}
 l - a scroll of teleportation {unknown}
Potions
 g - 2 potions of haste
 i - a potion of lignification {unknown}


   Skills:
 + Level 5.7 Fighting
 + Level 7.2 Long Blades
 + Level 4.4 Armour
 + Level 4.3 Dodging
 + Level 2.0 Stealth


You had 6 spell levels left.
You didn't know any spells.
Your spell library was empty.

Dungeon Overview and Level Annotations

Branches:
Dungeon (4/15)
 Temple: D:4-7

Altars:
Ashenzari
Fedhas
Wu Jian


Innate Abilities, Weirdness & Mutations

You can be seen from farther away. (+LOS)
You can swim through water.
You cover ground slowly.
You can hop short distances.
Your skin changes colour to match your surroundings (Stealth+).
Scrolls take you a little longer to read.
Your natural rate of healing is unusually fast.
You are occasionally teleported next to monsters.


Message History

You closely miss the orc priest.
The orc priest is almost dead.
The orc priest hits you.
* * * LOW HITPOINT WARNING * * *
The orc hits you but does no damage. The orc misses you.
The orc priest hits you.
* * * LOW HITPOINT WARNING * * *
You barely miss the orc priest.
The orc priest is almost dead.
The orc closely misses you.
You riposte.
You hit the orc.
The orc is severely wounded.
The orc barely misses you. The orc priest closely misses you.
You riposte.
You completely miss the orc priest.
The orc priest is almost dead.
The orc hits you but does no damage.
You slash the orc priest!
You kill the orc priest!
Trog accepts your kill. The orc hits you with a +0 flail.
You die...

#... ...#.....# #....
#..#...†.#
#(...##..#..)[######## +###
#........#...)#....... ...
#........##..[......... .(
#........###'#.##...#....##
#....)........# #...
....##..o[....#.##.. ....#
........o@....#.$. #..
.................#. #.#
...............#.# # ....
#....##..##'##..# .. ##.#
##### #..#... .... # ). #
...#.....##.. .##..
#...#...... .# ...# #...
....# ##.. ##'# ..... ...


You could see 2 orcs.

Vanquished Creatures
  Sigmund (D:2)
  Duvessa (D:4)
  An ogre (D:4)
  Dowan (D:4)
  3 orc priests
  An orc wizard (D:4)
  2 iguanas (D:4)
  9 adders
  A gnoll (D:1)
  An ooze (D:3)
  2 worms
  5 dart slugs
  2 leopard geckos
  7 orcs
  7 bats
  3 giant cockroaches
  5 hobgoblins
  4 jackals (D:2)
  3 quokkas
  A ball python (D:2)
  8 frilled lizards
  4 goblins
  5 kobolds
  8 rats
85 creatures vanquished.

Notes
Turn   | Place    | Note
-------+----------+-------------------------------------------
     0 | D:1      | ubername the Barachi Berserker began the quest for the Orb.
     0 | D:1      | Reached XP level 1. HP: 18/18 MP: 1/1
   284 | D:1      | Reached XP level 2. HP: 21/25 MP: 2/2
   339 | D:1      | Reached skill level 4 in Long Blades
  1008 | D:1      | Reached XP level 3. HP: 28/30 MP: 3/3
  2028 | D:2      | Reached XP level 4. HP: 36/38 MP: 4/4
  2055 | D:2      | Reached ** piety under Trog
  2711 | D:2      | Reached skill level 5 in Long Blades
  3138 | D:2      | Gained mutation: Your skin changes colour to match your
                  | surroundings (Stealth+). [potion of mutation]
  3138 | D:2      | Gained mutation: Scrolls take you a little longer to read.
                  | [potion of mutation]
  3138 | D:2      | Gained mutation: You are occasionally teleported next to
                  | monsters. [potion of mutation]
  3138 | D:2      | Gained mutation: Your natural rate of healing is unusually
                  | fast. [potion of mutation]
  3270 | D:3      | Reached XP level 5. HP: 40/43 MP: 5/5
  3365 | D:3      | Found an ornate altar of the Wu Jian Council.
  3365 | D:3      | Found a broken altar of Ashenzari.
  3369 | D:3      | Found a blossoming altar of Fedhas.
  3608 | D:3      | Noticed Sigmund
  3642 | D:2      | Killed Sigmund
  3643 | D:2      | Reached skill level 5 in Fighting
  3643 | D:2      | Reached skill level 6 in Long Blades
  3643 | D:2      | Reached skill level 1 in Stealth
  3643 | D:2      | Reached XP level 6. HP: 17/51 MP: 6/6
  4105 | D:4      | Noticed Duvessa
  4105 | D:4      | Noticed Dowan
  4118 | D:4      | Killed Duvessa
  4119 | D:4      | Reached XP level 7. HP: 56/56 MP: 7/7
  4119 | D:4      | Killed Dowan
  4124 | D:4      | Reached skill level 7 in Long Blades
  4213 | D:4      | Reached *** piety under Trog
  4246 | D:4      | HP: 2/57 [orc priest (4)]
  4248 | D:4      | Slain by an orc

Illustrated notes

Levels and vault maps discovered:
D:1:      minmay_arrival_five_plusses, layout_basic
D:2:      layout_basic
D:3:      layout_loops_ring, gammafunk_temple_overflow_forgotten, uniq_sigmund
D:4:      layout_gridville, lemuel_blue_sif_altar, minmay_temple_entry_ruins,
          lightli_ossuary_entry_decrepit_ruins, uniq_duvessa

Skill      XL: |  1  2  3  4  5  6  7 |
---------------+----------------------+-----
Fighting       | 4 5 |  5.7
Long Blades    | 4 5 6 7 |  7.2
Dodging        | 3 4 |  4.3
Armour         | 3 4 |  4.4
Stealth        | 1 2 |  2.0

Action                   |  1- 3 |  4- 6 |  7- 9 || total
-------------------------+-------+-------+-------++-------
Melee: Falchion          |    94 |   165 |    31 ||   290
Invok: Berserk           |     3 |     2 |     1 ||     6
 Abil: Hop               |       |       |     1 ||     1
  Use: Potion            |       |     8 |     1 ||     9
       Scroll            |       |     2 |       ||     2
 Stab: Sleeping          |       |     3 |       ||     3
Armor: Animal skin       |    10 |       |       ||    10
       Leather armour    |       |    13 |       ||    13
       Ring mail         |       |    41 |     9 ||    50
Dodge: Dodged            |    62 |   115 |    51 ||   228
       Rpst.: Falchion   |     7 |    37 |    22 ||    66
